 Dungeon Crawl Stone Soup version 0.31-a0-187-gba352fbbf7 (webtiles) character file.

Game seed: 17600838142667858937

730 qw the Skirmisher (level 7, 0/40 HPs)
             Began as a Deep Elf Hunter on June 22, 2023.
             Was a Follower of Okawaru.
             Slain by an ufetubus (2 damage)
             ... on level 5 of the Dungeon.
             The game lasted 00:01:19 (3167 turns).

qw the Skirmisher (Deep Elf Hunter)                 Turns: 3167, Time: 00:01:19

Health: 0/40       AC:  9    Str: 16    XL:     7   Next: 44%
Magic:  5/9        EV: 15    Int: 14    God:    Okawaru [*.....]
Gold:   256        SH:  0    Dex: 18    Spells: 6/6 levels left

rFire   . . .        Y - +2 shortbow
rCold   . . .        (shield currently unavailable)
rNeg    . . .        j - +0 ring mail
rPois   .            a - +0 helmet
rElec   .            (no cloak)
rCorr   .            e - +0 pair of gloves
SInv    .            (no boots)
Will    .....        (no amulet)
Stlth   +++          b - +6 ring of strength
HPRegen 0.26/turn    (no ring)
MPRegen 0.11/turn

%: no passive effects
@: heroic
A: no striking features
a: Renounce Religion, Heroism


You were on level 5 of the Dungeon.
You worshipped Okawaru.
Okawaru was aware of your devotion.
You visited 2 branches of the dungeon, and saw 6 of its levels.

You collected 256 gold pieces.


   Skills:
 - Level 2.6(7.6) Fighting
 + Level 10.5(15.5) Ranged Weapons
 - Level 2.1(7.1) Armour
 - Level 3.1(8.1) Dodging
 - Level 1.2(6.2) Stealth
 + Level 0.9 Invocations


You had 6 spell levels left.
You didn't know any spells.
Your spell library was empty.

Inventory:

Hand Weapons
 Y - a +2 shortbow (weapon)
Armour
 a - a +0 helmet (worn)
 e - a +0 pair of gloves (worn)
 j - a +0 ring mail (worn)
Jewellery
 b - a +6 ring of strength (left hand)
Scrolls
 f - a scroll of identify
Potions
 c - a potion of curing {unknown}
 d - a potion of haste {unknown}
 g - a potion of resistance {unknown}
 m - 3 potions of heal wounds {unknown}

Dungeon Overview and Level Annotations

Branches:
Dungeon (5/15)             Temple (1/1) D:4

Altars:
Cheibriados
Dithmenos
Elyvilon
Fedhas
Kikubaaqudgha
Makhleb
Okawaru
Qazlal
Ru
Sif Muna
Trog
Uskayaw
Vehumet
Xom
Zin

Shops:
D:1 [   D:5 (


Message History

You resist with some effort. The iguana bites you.
You have reached level 7!
You shoot an arrow. The arrow hits Grinder.
Grinder is almost dead.
The ufetubus closely misses you.
The ufetubus hits you but does no damage.
The iguana bites you but does no damage.
Grinder hits you. The ufetubus misses you. x2
You shoot an arrow. The arrow barely misses Grinder.
The arrow hits the hound!
The hound is almost dead.
The ufetubus barely misses you. The ufetubus closely misses you.
Grinder hits you.
You writhe in agony.
The iguana completely misses you.
You shoot an arrow. The arrow hits Grinder!
Grinder is almost dead.
You feel like a meek peon again.
The hound stops to sniff the ground.
The ufetubus hits you. The ufetubus closely misses you.
3163 ||| INVOKING Heroism.
You gain the combat prowess of a mighty hero.
You can no longer gain great but temporary skills.
The iguana bites you. Grinder misses you.
You shoot an arrow. The arrow hits Grinder!
You kill Grinder!
Okawaru is honoured by your kill.
You can now gain great but temporary skills.
The hound bites you but does no damage. The iguana barely misses you.
The ufetubus hits you. The ufetubus misses you.
Your base Ranged Weapons skill increases to level 10!
You shoot an arrow. The arrow hits the hound.
The hound is severely wounded.
The hound closely misses you. The iguana bites you!
The ufetubus closely misses you. The ufetubus completely misses you.
You shoot an arrow. The arrow hits the hound.
The hound is almost dead.
The hound bites you but does no damage.
The ufetubus hits you but does no damage. x2
The iguana misses you. The hound barely misses you.
You shoot an arrow. The arrow closely misses the hound.
The ufetubus hits you.
You die...

.# ..# )... ... ....
####.##### .....
.#........# .....
..........# ......
......<....### ###......
..#..........###.l......
...........#....@5......
#.#........######h##.#..
...%.......## .#
.##.........# #.
%.#.........## >.
...##..####....# ##.
...#...........> .#
..............## #
..##............


You could see an iguana, a hound and an ufetubus.

Vanquished Creatures
  Grinder (D:5)
  2 black bears
  A hound (D:5)
  An orc priest (D:3)
  A jelly (D:5)
  3 iguanas
  2 orc wizards (D:3)
  4 adders (D:3)
  A white imp (D:5)
  An ufetubus (D:4)
  5 dart slugs
  11 orcs
  6 bats
  4 endoplasms
  8 goblins
  6 hobgoblins
  4 jackals (D:3)
  2 kobolds
  2 quokkas (D:4)
  11 ball pythons
  4 frilled lizards
  5 rats
85 creatures vanquished.

Notes
Turn   | Place    | Note
-------+----------+-------------------------------------------
     0 | D:1      | qw the Deep Elf Hunter began the quest for the Orb.
     0 | D:1      | Reached XP level 1. HP: 12/12 MP: 3/3
     0 | D:1      | 0 ||| qw: Version: 0.3-a-9-g12657ce
     0 | D:1      | 0 ||| qw: Game counter: 2664
     0 | D:1      | 0 ||| qw: Always use a shield: true
     0 | D:1      | 0 ||| qw: God list: Okawaru
     0 | D:1      | 0 ||| qw: Allow faded altars: false
     0 | D:1      | 0 ||| qw: Do Orc after D:15 true
     0 | D:1      | 0 ||| qw: Do second Lair branch before Depths: true
     0 | D:1      | 0 ||| qw: Lair rune preference: random
     0 | D:1      | 0 ||| qw: Plans: Normal
     0 | D:1      | 0 ||| PLANNING D:1-11
    59 | D:1      | Reached skill level 6 in Ranged Weapons
    59 | D:1      | Reached XP level 2. HP: 12/16 MP: 4/4
   125 | D:1      | 125 ||| FLEEEEING.
   127 | D:1      | 127 ||| FLEEEEING.
   128 | D:1      | 128 ||| FLEEEEING.
   129 | D:1      | 129 ||| FLEEEEING.
   130 | D:1      | 130 ||| FLEEEEING.
   368 | D:1      | 368 ||| FLEEEEING.
   459 | D:1      | Reached XP level 3. HP: 16/20 MP: 5/5
   477 | D:1      | Found Toqysias's Antique Armour Shoppe.
   482 | D:1      | 482 ||| SHOPLISTING +1 cloak of Starlight {*Dazzle EV+4
                  | Stlth--} (823 gold, have 61).
   482 | D:1      | 482 ||| SHOPLISTING glowing leather armour (135 gold, have
                  | 61).
   482 | D:1      | 482 ||| SHOPLISTING glowing ring mail (189 gold, have 61).
   482 | D:1      | 482 ||| SHOPLISTING pair of glowing gloves (202 gold, have
                  | 61).
   482 | D:1      | 482 ||| SHOPLISTING ring mail (108 gold, have 61).
   589 | D:1      | 589 ||| UPGRADING to +0 pair of gloves.
   594 | D:1      | 594 ||| READING scroll labelled JABINA MEEV DEALI.
   595 | D:1      | 595 ||| READING 2 scrolls labelled XEXUIWYENG.
   596 | D:1      | 596 ||| DROPPING scroll of butterflies.
  1106 | D:2      | 1106 ||| UPGRADING to +0 helmet.
  1111 | D:2      | 1111 ||| UPGRADING to +6 ring of strength.
  1112 | D:2      | 1112 ||| READING scroll labelled AXOMOE LOURU.
  1136 | D:3      | Reached skill level 7 in Ranged Weapons
  1327 | D:3      | Reached XP level 4. HP: 25/25 MP: 6/6
  1451 | D:3      | Reached skill level 8 in Ranged Weapons
  1459 | D:3      | 1459 ||| FLEEEEING.
  1460 | D:3      | 1460 ||| FLEEEEING.
  1461 | D:3      | 1461 ||| FLEEEEING.
  1462 | D:3      | 1462 ||| FLEEEEING.
  1463 | D:3      | 1463 ||| FLEEEEING.
  1465 | D:3      | 1465 ||| FLEEEEING.
  1489 | D:3      | Reached skill level 3 in Dodging
  1489 | D:3      | Reached XP level 5. HP: 20/29 MP: 7/7
  1665 | D:3      | 1665 ||| READING scroll of enchant weapon.
  1665 | D:3      | 1665 ||| ENCHANTING +1 shortbow.
  2106 | D:3      | 2106 ||| UPGRADING to +0 scale mail.
  2116 | D:3      | 2116 ||| DROPPING +0 leather armour.
  2117 | D:3      | 2117 ||| UPGRADING to +0 ring mail.
  2127 | D:3      | 2127 ||| DROPPING +0 scale mail.
  2128 | D:3      | 2128 ||| READING scroll labelled NICOFY MILARO.
  2229 | D:3      | 2229 ||| READING scroll labelled PALYIR DITRE.
  2230 | D:3      | 2230 ||| READING scroll labelled XUCLAK XUCHIEF.
  2231 | D:3      | 2231 ||| READING scroll labelled TURHA CACKU.
  2232 | D:3      | 2232 ||| DRINKING 2 sedimented golden potions.
  2233 | D:3      | 2233 ||| READING 3 scrolls of identify.
  2233 | D:3      | 2233 ||| IDENTIFYING viscous emerald potion
  2234 | D:3      | 2234 ||| READING 2 scrolls of identify.
  2234 | D:3      | 2234 ||| IDENTIFYING black potion
  2235 | D:3      | 2235 ||| DROPPING potion of lignification.
  2236 | D:3      | 2236 ||| DROPPING potion of degeneration.
  2237 | D:3      | 2237 ||| DROPPING potion of brilliance.
  2336 | D:4      | Reached skill level 9 in Ranged Weapons
  2484 | D:4      | 2484 ||| DROPPING +1 sling of flaming.
  2485 | D:4      | Found a staircase to the Ecumenical Temple.
  2486 | D:4      | 2486 ||| PLANNING TEMPLE
  2486 | D:4      | 2486 ||| READING 2 scrolls labelled EKHI DADOPN.
  2487 | D:4      | 2487 ||| READING 3 scrolls of identify.
  2487 | D:4      | 2487 ||| IDENTIFYING orange potion
  2488 | D:4      | 2488 ||| READING 2 scrolls of identify.
  2488 | D:4      | 2488 ||| IDENTIFYING murky golden potion
  2489 | D:4      | 2489 ||| DROPPING potion of ambrosia.
  2490 | D:4      | 2490 ||| DROPPING scroll of poison.
  2491 | D:4      | 2491 ||| DROPPING potion of berserk rage.
  2493 | D:4      | 2493 ||| Stepping ~*~*~tactically~*~*~ (cloud).
  2588 | Temple   | Entered the Ecumenical Temple
  2589 | Temple   | 2589 ||| PLANNING OKAWARU WORSHIP
  2607 | Temple   | Became a worshipper of Warmaster Okawaru
  2608 | Temple   | 2608 ||| PLANNING D:1-11
  2725 | D:4      | Noticed a black bear
  2731 | D:4      | Killed a black bear
  2732 | D:4      | Reached XP level 6. HP: 35/36 MP: 8/8
  2995 | D:5      | Entered Level 5 of the Dungeon
  3022 | D:5      | Reached * piety under Okawaru
  3088 | D:5      | Found Jaepli's Weapon Shoppe.
  3146 | D:5      | Noticed Grinder
  3148 | D:5      | 3148 ||| INVOKING Heroism.
  3160 | D:5      | Reached XP level 7. HP: 30/40 MP: 7/9
  3163 | D:5      | 3163 ||| INVOKING Heroism.
  3164 | D:5      | Killed Grinder
  3165 | D:5      | Reached skill level 10 in Ranged Weapons
  3165 | D:5      | HP: 1/40 [iguana (11)]
  3167 | D:5      | Slain by an ufetubus

Levels and vault maps discovered:
D:1:      mrwooster_arrival_statue, layout_basic, serial_shops,
          nicolae_shop_hallway_plus, minmay_hexomino_p4
D:2:      layout_basic
D:3:      layout_basic, minmay_snake_closets
D:4:      nicolae_cairo_tiling_large_dashed, layout_basic, serial_park_tiny_pond
D:5:      layout_rooms, serial_shops, kennysheep_little_box,
          nicolae_shop_bloodbath_and_beyond, nicolae_shop_stone, shop,
          st_stairs_7, minmay_bent, uniq_eustachio, uniq_grinder
Temple:   hellmonk_temple_two_chambers

Skill      XL: |  1  2  3  4  5  6  7 |
---------------+----------------------+-----
Ranged Weapons | 6 7 8 9 10 | 10.5
Dodging        | 3 |  3.1
Fighting       | 2 |  2.6
Armour         | 2 |  2.1
Stealth        | |  1.2
Invocations    | |  0.9

Action                     |  1- 3 |  4- 6 |  7- 9 || total
---------------------------+-------+-------+-------++-------
   Fire: Shortbow          |    81 |   162 |     7 ||   250
 Invoke: Heroism           |       |     1 |     1 ||     2
    Use: Scroll            |     3 |    10 |       ||    13
         Potion            |       |     1 |       ||     1
 Armour: Leather armour    |     6 |     7 |       ||    13
         Ring mail         |       |    18 |     6 ||    24
  Dodge: Dodged            |     7 |    75 |    15 ||    97

Table legend:
 A = Non-vault XP
 B = Vault XP
 C = Vault XP percentage of total XP
 D = Non-vault monster count
 E = Vault monster count
 F = Vault count percentage of total count
                 A         B        C        D         E       F
            +---------+---------+-------+---------+---------+-------
      Total |     651 |     392 |  37.6 |      69 |      16 |  18.8
            +---------+---------+-------+---------+---------+-------
        D:1 |      36 |       7 |  16.3 |      20 |       4 |  16.7
        D:2 |      18 |       0 |   0.0 |      10 |       0 |   0.0
        D:3 |     156 |      62 |  28.4 |      23 |      10 |  30.3
        D:4 |     192 |       0 |   0.0 |      11 |       0 |   0.0
        D:5 |     249 |     323 |  56.5 |       5 |       2 |  28.6
            +---------+---------+-------+---------+---------+-------
